 Dungeon Crawl Stone Soup version 0.22.0-75-g3901e79 (webtiles) character file.

46 jerryfan the Ruffian (level 3, 0/43 HPs)
             Began as a Draconian Transmuter on Sept 13, 2018.
             Succumbed to an adder's poison
             ... on level 2 of the Dungeon.
             The game lasted 00:04:05 (1797 turns).

jerryfan the Ruffian (Draconian Transmuter)         Turns: 1797, Time: 00:04:06

Health: 0/43       AC:  5    Str: 17    XL:     3   Next: 46%
Magic:  6/6        EV: 12    Int: 19    God:
Gold:   36         SH:  0    Dex: 11    Spells: 3/6 levels left

rFire    . . .     SeeInvis .     - Unarmed
rCold    . . .     Gourm    .   (no shield)
rNeg     . . .     Faith    .   (armour unavailable)
rPois    .         Spirit   .   (helmet restricted)
rElec    .         Reflect  .   (no cloak)
rCorr    .         Harm     .   (no gloves)
MR       .....     Rnd*Rage +   (no boots)
Stlth    ..........             (no amulet)
HPRegen  0.14/turn              (no ring)
MPRegen  0.10/turn              (no ring)

@: brilliant, berserking, lethally poisoned (0 -> -6), flying, very quick
A: unfitting armour, berserk 1, evolution 1, cold-blooded, AC +5
a: no special abilities


You were on level 2 of the Dungeon.
You were not hungry.

You visited 1 branch of the dungeon, and saw 2 of its levels.

You collected 36 gold pieces.

Inventory:

Missiles
 a - 28 arrows
Scrolls
 b - a scroll of remove curse
 i - a scroll of teleportation {unknown}
Comestibles
 c - 3 rations


   Skills:
 + Level 1.9 Fighting
 + Level 2.1 Dodging
 + Level 3.2 Unarmed Combat
 + Level 2.2 Spellcasting
 * Level 2.8 Transmutations


You had 3 spell levels left.
You knew the following spells:

 Your Spells              Type           Power        Failure   Level  Hunger
a - Beastly Appendage     Tmut           ###...       1%          1    #......
b - Sticks to Snakes      Tmut           ###.....     1%          2    ##.....

Your spell library contained the following spells:

 Spells                   Type           Power        Failure   Level  Hunger
 Spider Form              Tmut/Pois      ###.......   3%          3    ###....
 Ice Form                 Ice/Tmut       ###.....     11%         4    #####..
 Blade Hands              Tmut           ###.......   14%         5    ######.


Dungeon Overview and Level Annotations

Branches:
Dungeon (2/15)

Altars:


Innate Abilities, Weirdness & Mutations

Your plain brown scales are hard. (AC +5)
You cannot fit into any form of body armour.
You are cold-blooded and may be slowed by cold attacks.
You tend to lose your temper in combat.
You evolve.


Message History

* * * LOW HITPOINT WARNING * * *
You feel sick. The adder closely misses you.
It was a potion of mutation.
You feel extremely strange.
You feel a little pissed off.
You feel nature experimenting on you.
Don't worry, failures die fast.
* * * LOW HITPOINT WARNING * * *
You feel sick. The adder bites you but does no damage. The adder misses you.
Unknown command.
As you read the scroll labeled FIEDIFF KIRIM, it crumbles to dust.
It is a scroll of identify.
b - a scroll of remove curse
* * * LOW HITPOINT WARNING * * *
You feel sick. The adder barely misses you.
A red film seems to cover your vision as you go berserk!
You feel yourself moving faster!
You feel mighty!
You miss the adder.
The adder is almost dead.
The adder closely misses you.
You miss the adder.
Your tail-slap misses the adder.
The adder is severely wounded.
You die...

.##. .#.# ...
###.#.# #..#.....
#.##..#...####
.............##
#..#........
#..#wg.#####
#..#S#......
+..#@#.#####
#..#.#.####
#..(........
#+###...........
.......((#.###..
...............
.#####.........
.........#)###..#
####.##..#.# ..#


You could see a worm, an adder and a hobgoblin.

Vanquished Creatures
  A worm (D:2)
  3 dart slugs (D:1)
  2 giant cockroaches
  8 goblins
  4 hobgoblins (D:1)
  A quokka (D:2)
  3 bats (D:1)
  3 frilled lizards (D:1)
  6 kobolds
  4 rats (D:1)
35 creatures vanquished.

Vanquished Creatures (collateral kills)
  A bat (D:2)
  A kobold (D:1)
  A goblin (D:1)
3 creatures vanquished.

Grand Total: 38 creatures vanquished

Notes
Turn   | Place    | Note
-------+----------+-------------------------------------------
     0 | D:1      | jerryfan the Draconian Transmuter began the quest for the
                  | Orb.
     0 | D:1      | Reached XP level 1. HP: 16/16 MP: 3/3
   286 | D:1      | Reached XP level 2. HP: 14/23 MP: 3/5
   320 | D:1      | Learned a level 2 spell: Sticks to Snakes
   966 | D:1      | Reached XP level 3. HP: 23/29 MP: 6/6
  1794 | D:2      | Gained mutation: You tend to lose your temper in combat.
                  | [potion of mutation]
  1794 | D:2      | Gained mutation: You evolve. [potion of mutation]
  1795 | D:2      | HP: 1/29 [poisoned by an adder]
  1797 | D:2      | Succumbed to an adder's poison

Skill      XL: |  1  2 |
---------------+-------+-----
Dodging        | 2 |  2.1
Fighting       | |  1.9
Unarmed Combat | |  3.2
Spellcasting   | |  2.2
Transmutations | |  2.8

Action                   || total
-------------------------++-------
Melee: Unarmed           ||   152
       Tailslap          ||    12
       Punch             ||     2
       Headbutt          ||     3
 Cast: Beastly Appendage ||     2
       Sticks to Snakes  ||     3
  Use: Potion            ||     3
       Scroll            ||     1
 Stab: Sleeping          ||     1
  Eat: Chunk             ||     3
Armor: Skin              ||    42
Dodge: Dodged            ||   119
